| TOP OF THE 1ST |
|
Huron Cubs batting - Pitching for Duluth-Superior Dukes : RHP Antonio Morales
|
|
Pitching: RHP Antonio Morales
|
|
|
Batting: LHB P.K. Kirsch
|
0-0: Ball 1-0: Ground out 4-3 (Groundball, 4S, EV 80.6 MPH)
|
|
Batting: RHB John Alvarez
|
0-0: Ball 1-0: Ball 2-0: Swinging Strike 2-1: Foul Ball, location: 2F 2-2: Strikes out looking
|
|
Batting: RHB Charles Curry
|
0-0: Called Strike 0-1: SINGLE (Groundball, 6MD, EV 94.4 MPH)
|
|
Batting: RHB Leo Hernandez
|
0-0: Fly out, F9 (Flyball, 9, EV 96.3 MPH)
|
| Top of the 1st over - 0 runs, 1 hit, 0 errors, 1 left on base; Huron 0 - Duluth-Superior 0 |
| BOTTOM OF THE 1ST |
|
Duluth-Superior Dukes batting - Pitching for Huron Cubs : RHP Larry Williams
|
|
Pitching: RHP Larry Williams
|
|
|
Batting: RHB Mark Oestreich
|
0-0: Ball 1-0: Called Strike 1-1: Ball 2-1: Ball 3-1: Base on Balls
|
|
Batting: RHB Pete Rice
|
0-0: Ball 1-0: Swinging Strike 1-1: Fly out, F6 (Line Drive, 6, EV 65.6 MPH)
|
|
Batting: LHB Louie Meadows
|
0-0: Ball 1-0: Ball 2-0: Ball 3-0: Called Strike 3-1: Foul Ball, location: 2F 3-2: Fly out, F8 (Flyball, 89D, EV 89.4 MPH)
|
|
Batting: LHB Franklin Stubbs
|
0-0: Ball 1-0: Ball 2-0: Ball 3-0: Called Strike 3-1: Called Strike 3-2: Foul Ball, location: 2F 3-2: Base on Balls Mark Oestreich to second
|
|
Batting: RHB Tony Velasquez
|
0-0: Foul Ball, location: 2F 0-1: Swinging Strike 0-2: Ball 1-2: Ball 2-2: Ball 3-2: Foul Ball, location: 2F 3-2: Base on Balls Mark Oestreich to third Franklin Stubbs to second
|
|
Pitching: RHP Roy Moretti
|
|
|
Batting: LHB Brian Zell
|
0-0: Ball 1-0: Fly out, F7 (Flyball, 7LD, EV 98.1 MPH)
|
| Bottom of the 1st over - 0 runs, 0 hits, 0 errors, 3 left on base; Huron 0 - Duluth-Superior 0 |
| TOP OF THE 2ND |
|
Huron Cubs batting - Pitching for Duluth-Superior Dukes : RHP Antonio Morales
|
|
Batting: SHB Alfred Nichols
|
0-0: Called Strike 0-1: Ball 1-1: Swinging Strike 1-2: Ball 2-2: Foul Ball, location: 2F 2-2: Ground out 3-1 (Groundball, 34S, EV 90.0 MPH)
|
|
Batting: RHB Robert Benda
|
0-0: Ball 1-0: Called Strike 1-1: Ball 2-1: Foul Ball, location: 2F 2-2: Ball 3-2: Reached on error, E6 (Groundball, 6, EV 105.6 MPH)
|
|
Batting: SHB Steven Till
|
0-0: SINGLE (Groundball, 34D, EV 106.9 MPH) Robert Benda to third Runner from 3rd tries for Home, SAFE, throw by RF to home
|
|
Batting: LHB Stanley Reese
|
0-0: Ball 1-0: Ball 2-0: Called Strike 2-1: Foul Ball, location: 2F 2-2: Ball 3-2: Fielders Choice at 2nd, 3-6 (Groundball, 3, EV 91.3 MPH)
|
|
Batting: RHB Samuel Bass
|
0-0: Called Strike 0-1: Fly out, F9 (Flyball, 9LS, EV 85.6 MPH)
|
| Top of the 2nd over - 1 run, 1 hit, 1 error, 1 left on base; Huron 1 - Duluth-Superior 0 |
| BOTTOM OF THE 2ND |
|
Duluth-Superior Dukes batting - Pitching for Huron Cubs : RHP Roy Moretti
|
|
Batting: RHB Cecil Whitehead
|
0-0: Ball 1-0: Fly out, F9 (Flyball, 9, EV 85.6 MPH)
|
|
Batting: RHB Everette Smith
|
0-0: Ball 1-0: Foul Ball, location: 2F 1-1: Ball 2-1: Ball 3-1: Fly out, F8 (Flyball, 8LM, EV 98.1 MPH)
|
|
Batting: RHB Gary Hinson
|
0-0: Foul Ball, location: 2F 0-1: Ball 1-1: Ball 2-1: Ball 3-1: Base on Balls
|
|
Batting: RHB Mark Oestreich
|
0-0: Ball 1-0: SINGLE (Line Drive, 9LS, EV 94.4 MPH) Gary Hinson to second Runner from 2nd tries for 3rd, SAFE, throw by RF made to third
|
|
Batting: RHB Pete Rice
|
0-0: SINGLE (Line Drive, 78S, EV 94.4 MPH) Gary Hinson scores Mark Oestreich to second
|
|
Batting: LHB Louie Meadows
|
0-0: Ball 1-0: Ball 2-0: Ball 3-0: Base on Balls Mark Oestreich to third Pete Rice to second
|
|
Batting: LHB Franklin Stubbs
|
0-0: Ball 1-0: Ball 2-0: Ball 3-0: Base on Balls Mark Oestreich scores Pete Rice to third Louie Meadows to second
|
|
Batting: RHB Tony Velasquez
|
0-0: Ground out 4-3 (Groundball, 4, EV 107.5 MPH)
|
| Bottom of the 2nd over - 2 runs, 2 hits, 0 errors, 3 left on base; Huron 1 - Duluth-Superior 2 |
| TOP OF THE 3RD |
|
Huron Cubs batting - Pitching for Duluth-Superior Dukes : RHP Antonio Morales
|
|
Batting: LHB P.K. Kirsch
|
0-0: Fly out, F7 (Line Drive, 7D, EV 86.9 MPH)
|
|
Batting: RHB John Alvarez
|
0-0: Fly out, F7 (Flyball, 78D, EV 96.9 MPH)
|
|
Batting: RHB Charles Curry
|
0-0: Called Strike 0-1: Foul Ball, location: 2F 0-2: Ground out 4-3 (Groundball, 4, EV 84.4 MPH)
|
| Top of the 3rd over - 0 runs, 0 hits, 0 errors, 0 left on base; Huron 1 - Duluth-Superior 2 |
| BOTTOM OF THE 3RD |
|
Duluth-Superior Dukes batting - Pitching for Huron Cubs : RHP Roy Moretti
|
|
Batting: LHB Brian Zell
|
0-0: Ball 1-0: Ball 2-0: Foul Ball, location: 2F 2-1: Ground out 4-3 (Groundball, 4, EV 76.9 MPH)
|
|
Batting: RHB Cecil Whitehead
|
0-0: Foul Ball, location: 2F 0-1: Called Strike 0-2: Ball 1-2: Ball 2-2: Foul Ball, location: 2F 2-2: SINGLE (Groundball, 6D, EV 105.0 MPH)
|
|
Batting: RHB Everette Smith
|
0-0: Ball 1-0: Called Strike 1-1: SINGLE (Groundball, 34D, EV 98.1 MPH) Cecil Whitehead to second Runner from 2nd tries for 3rd, SAFE, no throw by RF
|
|
Batting: RHB Gary Hinson
|
0-0: Ball 1-0: Called Strike Everette Smith steals 2nd base 1-1: Ball 2-1: Swinging Strike 2-2: 3-RUN HOME RUN (Flyball, 7D, EV 103.1 MPH), Distance : 376 ft
|
|
Batting: RHB Mark Oestreich
|
0-0: Foul Ball, location: 2F 0-1: Fly out, F3 (Popup, 34, EV 80.0 MPH)
|
|
Batting: RHB Pete Rice
|
0-0: Called Strike 0-1: Ball 1-1: Called Strike 1-2: SINGLE (Groundball, 6MS, EV 86.9 MPH) (infield hit)
|
|
Batting: LHB Louie Meadows
|
0-0: Ball 1-0: Ball 2-0: Ball 3-0: Called Strike 3-1: Foul Ball, location: 2F 3-2: Base on Balls Pete Rice to second
|
|
Batting: LHB Franklin Stubbs
|
0-0: Called Strike 0-1: Called Strike 0-2: Ball 1-2: Foul Ball, location: 2F 1-2: Ball 2-2: Ball 3-2: Base on Balls Pete Rice to third Louie Meadows to second
|
|
Pitching: RHP Pete Hamner
|
|
|
Batting: RHB Tony Velasquez
|
0-0: Swinging Strike Balk! Pete Rice scores Louie Meadows to third Franklin Stubbs to second 0-1: Called Strike 0-2: Ball 1-2: Ball 2-2: Strikes out looking
|
| Bottom of the 3rd over - 4 runs, 4 hits, 0 errors, 2 left on base; Huron 1 - Duluth-Superior 6 |
| TOP OF THE 4TH |
|
Huron Cubs batting - Pitching for Duluth-Superior Dukes : RHP Antonio Morales
|
|
Batting: RHB Leo Hernandez
|
0-0: Called Strike 0-1: Ball 1-1: Ball 2-1: Reached via error on a dropped throw from SS, E3 (Groundball, 6, EV 111.3 MPH)
|
|
Batting: SHB Alfred Nichols
|
0-0: Ball 1-0: Ball 2-0: Called Strike 2-1: Called Strike 2-2: Ball 3-2: Fly out, F7 (Flyball, 78D, EV 93.1 MPH)
|
|
Batting: RHB Robert Benda
|
0-0: Fly out, F7 (Line Drive, 7, EV 91.3 MPH)
|
|
Batting: SHB Steven Till
|
0-0: Ball 1-0: Foul Ball, location: 2F 1-1: Called Strike 1-2: Strikes out swinging
|
| Top of the 4th over - 0 runs, 0 hits, 1 error, 1 left on base; Huron 1 - Duluth-Superior 6 |
| BOTTOM OF THE 4TH |
|
Duluth-Superior Dukes batting - Pitching for Huron Cubs : RHP Pete Hamner
|
|
Batting: LHB Brian Zell
|
0-0: Foul Ball, location: 2F 0-1: Called Strike 0-2: Ball 1-2: Foul Ball, location: 2F 1-2: Ground out 4-3 (Groundball, 4, EV 88.8 MPH)
|
|
Batting: RHB Cecil Whitehead
|
0-0: Ball 1-0: Fly out, F8 (Flyball, 78D, EV 96.3 MPH)
|
|
Batting: RHB Everette Smith
|
0-0: Swinging Strike 0-1: Foul Ball, location: 2F 0-2: Ball 1-2: Strikes out swinging
|
| Bottom of the 4th over - 0 runs, 0 hits, 0 errors, 0 left on base; Huron 1 - Duluth-Superior 6 |
| TOP OF THE 5TH |
|
Huron Cubs batting - Pitching for Duluth-Superior Dukes : RHP Antonio Morales
|
|
Batting: LHB Stanley Reese
|
0-0: Reached on error, E1 (Groundball, 15S, EV 64.4 MPH)
|
|
Batting: RHB Samuel Bass
|
0-0: Ball 1-0: Ball 2-0: Ball 3-0: Called Strike 3-1: Base on Balls
|
|
Batting: LHB P.K. Kirsch
|
0-0: Called Strike 0-1: Ball 1-1: Ball 2-1: Foul Ball, location: 2F 2-2: Ball 3-2: Foul Ball, location: 2F 3-2: Strikes out swinging
|
|
Batting: RHB John Alvarez
|
0-0: Grounds into double play, 6-4-3 (Groundball, 6, EV 82.5 MPH)
|
| Top of the 5th over - 0 runs, 0 hits, 1 error, 1 left on base; Huron 1 - Duluth-Superior 6 |
| BOTTOM OF THE 5TH |
|
Duluth-Superior Dukes batting - Pitching for Huron Cubs : RHP Pete Hamner
|
|
Batting: RHB Gary Hinson
|
0-0: Ball 1-0: Ball 2-0: Ball 3-0: Base on Balls
|
|
Batting: RHB Mark Oestreich
|
0-0: Called Strike 0-1: Swinging Strike 0-2: Ball 1-2: Foul Ball, location: 2F 1-2: Grounds into double play, 6-4-3 (Groundball, 6, EV 85.0 MPH)
|
|
Batting: RHB Pete Rice
|
0-0: Ball 1-0: Foul Ball, location: 2F 1-1: Called Strike 1-2: Foul Ball, location: 2F 1-2: Ball 2-2: Foul Ball, location: 2F 2-2: Ball 3-2: Base on Balls
|
|
Batting: LHB Louie Meadows
|
0-0: Called Strike 0-1: Foul Ball, location: 2F 0-2: Ball 1-2: Ball 2-2: Foul Ball, location: 2F 2-2: Ball 3-2: SINGLE (Groundball, 4M, EV 90.0 MPH) (infield hit) Pete Rice to second
|
|
Batting: LHB Franklin Stubbs
|
0-0: Ball 1-0: Ball 2-0: Fly out, F9 (Flyball, 9LM, EV 90.6 MPH)
|
| Bottom of the 5th over - 0 runs, 1 hit, 0 errors, 2 left on base; Huron 1 - Duluth-Superior 6 |
| TOP OF THE 6TH |
|
Huron Cubs batting - Pitching for Duluth-Superior Dukes : RHP Antonio Morales
|
|
Batting: RHB Charles Curry
|
0-0: Ball 1-0: Ball 2-0: Called Strike 2-1: Ball 3-1: Called Strike 3-2: DOUBLE (Flyball, 8RXD, EV 86.9 MPH)
|
|
Batting: RHB Leo Hernandez
|
0-0: Ball 1-0: Called Strike 1-1: Called Strike 1-2: Fly out, F9 (Flyball, 9S, EV 74.4 MPH)
|
|
Batting: SHB Alfred Nichols
|
0-0: Called Strike 0-1: Ground out 4-3 (Groundball, 4, EV 81.9 MPH) Charles Curry to third
|
|
Batting: RHB Robert Benda
|
0-0: Swinging Strike 0-1: Called Strike 0-2: Ball 1-2: Foul Ball, location: 2F 1-2: Hit by Pitch
|
|
Batting: SHB Steven Till
|
0-0: Ball 1-0: Ball 2-0: Ground out 1-3 (Groundball, 13, EV 70.0 MPH)
|
| Top of the 6th over - 0 runs, 1 hit, 0 errors, 2 left on base; Huron 1 - Duluth-Superior 6 |
| BOTTOM OF THE 6TH |
|
Duluth-Superior Dukes batting - Pitching for Huron Cubs : RHP Pete Hamner
|
|
Batting: RHB Tony Velasquez
|
0-0: Foul Ball, location: 2F 0-1: Called Strike 0-2: Foul Ball, location: 2F 0-2: SINGLE (Line Drive, 8LS, EV 106.9 MPH)
|
|
Batting: LHB Brian Zell
|
0-0: Ball Pickoff Throw to First - Out! 1-3 1-0: Foul Ball, location: 2F 1-1: Ball 2-1: Ground out 4-3 (Groundball, 4D, EV 83.1 MPH)
|
|
Batting: RHB Cecil Whitehead
|
0-0: SOLO HOME RUN (Flyball, 7D, EV 95.0 MPH), Distance : 369 ft
|
|
Batting: RHB Everette Smith
|
0-0: Ball 1-0: Ball 2-0: Called Strike 2-1: Fly out, F7 (Flyball, 7S, EV 90.0 MPH)
|
| Bottom of the 6th over - 1 run, 2 hits, 0 errors, 0 left on base; Huron 1 - Duluth-Superior 7 |
| TOP OF THE 7TH |
|
Huron Cubs batting - Pitching for Duluth-Superior Dukes : RHP Antonio Morales
|
|
Batting: LHB Stanley Reese
|
0-0: Called Strike 0-1: Fly out, F7 (Flyball, 7LM, EV 90.0 MPH)
|
|
Batting: RHB Samuel Bass
|
0-0: Ground out 3-1 (Groundball, 34, EV 101.3 MPH)
|
|
Batting: LHB P.K. Kirsch
|
0-0: Ball 1-0: Called Strike 1-1: Ground out 6-3 (Groundball, 6, EV 105.6 MPH)
|
| Top of the 7th over - 0 runs, 0 hits, 0 errors, 0 left on base; Huron 1 - Duluth-Superior 7 |
| BOTTOM OF THE 7TH |
|
Duluth-Superior Dukes batting - Pitching for Huron Cubs : RHP Pete Hamner
|
|
Batting: RHB Gary Hinson
|
0-0: Ball 1-0: Foul Ball, location: 2F 1-1: Called Strike 1-2: Ground out 6-3 (Groundball, 6, EV 100.0 MPH)
|
|
Batting: RHB Mark Oestreich
|
0-0: Foul Ball, location: 2F 0-1: Swinging Strike 0-2: Foul Ball, location: 2F 0-2: Ball 1-2: Ball 2-2: Fly out, F8 (Flyball, 8RXD, EV 102.5 MPH)
|
|
Pitching: RHP Ed Berroa
|
|
|
Batting: RHB Pete Rice
|
0-0: Ball 1-0: Ball 2-0: Foul Ball, location: 2F 2-1: Swinging Strike 2-2: TRIPLE (Flyball, 89XD, EV 98.8 MPH)
|
|
Batting: LHB Louie Meadows
|
0-0: Ball 1-0: Ball 2-0: Called Strike 2-1: Fly out, F5 (Popup, 5, EV 80.6 MPH)
|
| Bottom of the 7th over - 0 runs, 1 hit, 0 errors, 1 left on base; Huron 1 - Duluth-Superior 7 |
| TOP OF THE 8TH |
|
Huron Cubs batting - Pitching for Duluth-Superior Dukes : RHP Antonio Morales
|
|
Batting: RHB John Alvarez
|
0-0: Swinging Strike 0-1: Ball 1-1: Called Strike 1-2: SINGLE (Groundball, 34D, EV 97.5 MPH)
|
|
Batting: RHB Charles Curry
|
0-0: Fly out, F8 (Flyball, 78D, EV 90.0 MPH)
|
|
Batting: RHB Leo Hernandez
|
0-0: Ball 1-0: Called Strike 1-1: Grounds into double play, 6-4-3 (Groundball, 6, EV 102.5 MPH)
|
| Top of the 8th over - 0 runs, 1 hit, 0 errors, 0 left on base; Huron 1 - Duluth-Superior 7 |
| BOTTOM OF THE 8TH |
|
Duluth-Superior Dukes batting - Pitching for Huron Cubs : RHP Ed Berroa
|
|
Batting: LHB Franklin Stubbs
|
0-0: Ball 1-0: Foul Ball, location: 2F 1-1: Fly out, F8 (Flyball, 8LM, EV 90.0 MPH)
|
|
Batting: RHB Tony Velasquez
|
0-0: Ball 1-0: Called Strike 1-1: DOUBLE (Line Drive, 7LM, EV 111.9 MPH)
|
|
Batting: LHB Brian Zell
|
0-0: Swinging Strike 0-1: Swinging Strike 0-2: Reached on error, E6 (Groundball, 6, EV 81.3 MPH) Tony Velasquez to third
|
|
Batting: RHB Cecil Whitehead
|
0-0: Fly out, F7 (Line Drive, 7D, EV 95.6 MPH) Runner from 3rd tags up, SCORES, throw by LF
|
|
Batting: RHB Everette Smith
|
0-0: Ball 1-0: Swinging Strike 1-1: Fly out, F7 (Flyball, 78D, EV 93.8 MPH)
|
| Bottom of the 8th over - 1 run, 1 hit, 1 error, 1 left on base; Huron 1 - Duluth-Superior 8 |
| TOP OF THE 9TH |
|
Huron Cubs batting - Pitching for Duluth-Superior Dukes : RHP Antonio Morales
|
|
Batting: SHB Alfred Nichols
|
0-0: Called Strike 0-1: Ball 1-1: Ground out 4-3 (Groundball, 4, EV 79.4 MPH)
|
|
Pinch Hitting: RHB Reginald Lucas
|
0-0: Fly out, F9 (Flyball, 9LD, EV 90.6 MPH)
|
|
Pinch Hitting: RHB Richard Ferrell
|
0-0: Called Strike 0-1: Ground out U3 (Groundball, 3, EV 105.6 MPH)
|
| Top of the 9th over - 0 runs, 0 hits, 0 errors, 0 left on base; Huron 1 - Duluth-Superior 8 |
|